 Dungeon Crawl Stone Soup version 0.19-a0-892-g8a19e52 (webtiles) character file.

1724 mrath the Magician (level 8, -5/63 HPs)
             Began as a Demigod Fire Elementalist on July 4, 2016.
             Slain by an orc warrior
             ... wielding a cursed +0 halberd
              (20 damage)
             ... on level 6 of the Dungeon on July 5, 2016.
             The game lasted 00:46:03 (8120 turns).

mrath the Magician (Demigod Fire Elementalist)      Turns: 8120, Time: 00:46:03

Health: -5/63      AC: 11    Str: 11    XL:     8   Next: 46%
Magic:  12/29      EV: 14    Int: 27    God:
Gold:   339        SH:  0    Dex: 16    Spells: 4 memorised, 8 levels left

rFire  . . .     SeeInvis +     f - +2 short sword (protect)
rCold  . . .     Gourm    .     a - +0 robe
rNeg   + + .     Faith    .     (no shield)
rPois  .         Spirit   .     (no helmet)
rElec  .         Dismiss  .     I - +0 cloak "Kaem" {-Tele rN++ MP+9 Int+4}
rCorr  .         Reflect  .     z - +2 pair of gloves
SustAt +         Harm     .     (no boots)
MR     .....     NoTele   +     (no amulet)
Stlth  ++........               u - ring of see invisible
                                (no ring)

@: not resistant to hostile enchantments, unstealthy
A: high mp 1, sustain attributes
a: no special abilities


You were on level 6 of the Dungeon.
You were hungry.

You visited 1 branch of the dungeon, and saw 6 of its levels.

You collected 339 gold pieces.

Inventory:

Hand Weapons
 f - a +2 short sword of protection (weapon)
 k - a +0 war axe
 w - a +0 morningstar
 K - a +2 short sword of protection
Missiles
 e - 238 stones (quivered)
 t - a throwing net
 D - 17 poisoned needles
Armour
 a - a +0 robe (worn)
 h - a +0 cloak
 z - a +2 pair of gloves (worn)
 I - the +0 cloak "Kaem" (worn) {-Tele rN++ MP+9 Int+4}
   (You found it on level 6 of the Dungeon)

   It affects your intelligence (+4).
   It greatly protects you from negative energy.
   It affects your magic capacity (+9).
   It prevents most forms of teleportation.
Jewellery
 u - a ring of see invisible (right hand)
Wands
 v - a wand of random effects (21/48)
 B - a wand of disintegration (17/24)
Scrolls
 g - 2 scrolls of noise {unknown}
 j - 3 scrolls of identify
 l - 2 scrolls of remove curse
 n - a scroll of fog {unknown}
 o - a scroll of fear {unknown}
 p - a scroll of immolation {unknown}
 s - a scroll of blinking {unknown}
 y - a scroll of amnesia {unknown}
 G - a scroll of recharging {unknown}
Potions
 d - a potion of haste {unknown}
 i - a potion of curing {unknown}
 m - a potion of flight {unknown}
 q - 2 potions of heal wounds {unknown}
 r - 3 potions of lignification
 A - a potion of berserk rage {unknown}
 E - a potion of brilliance {unknown}
Books
 b - a book of Flames

   Spells                             Type                      Level
   a - Flame Tongue                   Conjuration/Fire             1
   b - Throw Flame                    Conjuration/Fire             2
   c - Conjure Flame                  Conjuration/Fire             3
   d - Inner Flame                    Hexes/Fire                   3
   e - Sticky Flame                   Conjuration/Fire             4
   f - Fireball                       Conjuration/Fire             5
 F - a book of Burglary

   Spells                             Type                      Level
   a - Swiftness                      Charms/Air                   2
   b - Passwall                       Transmutation/Earth          2
   c - Passage of Golubria            Translocation                4
   d - Lee's Rapid Deconstruction     Earth                        5
   e - Darkness                       Hexes                        6
   f - Invisibility                   Hexes                        6
Comestibles
 c - 5 bread rations
 x - a royal jelly
 C - 2 meat rations
 J - a beef jerky


   Skills:
 + Level 3.1 Fighting
 + Level 3.6 Dodging
 - Level 1.7 Stealth
 * Level 5.8 Spellcasting
 + Level 4.3 Conjurations
 + Level 5.0 Fire Magic
 + Level 2.6 Evocations


You had 8 spell levels left.
You knew the following spells:

 Your Spells              Type           Power        Failure   Level  Hunger
a - Flame Tongue          Conj/Fire      ####.        1%          1    None
b - Throw Flame           Conj/Fire      ####..       1%          2    None
c - Conjure Flame         Conj/Fire      ####....     2%          3    None
d - Sticky Flame          Conj/Fire      ####....     12%         4    ###....


Dungeon Overview and Level Annotations

Branches:
Dungeon (6/15)             Temple (0/1) D:6

Shops:
D:6 (


Innate Abilities, Weirdness & Mutations

You have an increased reservoir of magic. (+10% MP)
Your attributes are resistant to harm.


Message History

The orc warrior burns!
The orc warrior stops burning.
Casting: Sticky Flame
Confirm with . or Enter, or press ? or * to list all spells.
Aiming: Throw Flame
Press: ? - help, Shift-Dir - straight line, f - orc warrior
Aim: an orc warrior, wielding a halberd and wearing a chain mail (severely wounded)
The puff of flame misses the orc warrior.
The puff of flame hits the orc.
You kill the orc!
Casting: Throw Flame
Confirm with . or Enter, or press ? or * to list all spells.
Aiming: Flame Tongue
Press: ? - help, Shift-Dir - straight line, f/p - orc warrior
Aim: an orc warrior, wielding a halberd and wearing a chain mail (severely wounded)
The flame tongue hits the orc warrior.
The orc warrior is almost dead.
The orc warrior hits you from afar with a halberd!!
* * * LOW HITPOINT WARNING * * *
The orc warrior hits you from afar with a halberd!!
You die...

###.)## ###........## ##.).##
##........##.##
#(...####..........##.##
#..o###.............#..#
#(..##..............##..
#...#................##.
#...o.................##
#....o.......(........##
##......@................
###........................
##..........................
###...........................
####.............................
#................................
#................................
#................................
.................................


You could see an orc warrior and an orc.

Vanquished Creatures
  Sigmund (D:4)
  3 ice beasts
  2 sky beasts
  An ogre (D:5)
  Blork the orc (D:3)
  A gnoll sergeant (D:5)
  2 giant frogs (D:6)
  A jelly (D:6)
  A scorpion (D:5)
  A crimson imp (D:4)
  A giant frog zombie (D:5)
  2 orc priests
  2 hounds
  3 orc wizards
  An iguana (D:4)
  2 worker ants
  A killer bee zombie (D:6)
  8 adders
  7 gnolls (D:5)
  A shadow imp (D:6)
  2 oozes
  2 adder zombies
  2 adder skeletons
  2 worms
  6 dart slugs
  7 giant geckos
  16 orcs
  2 bats (D:2)
  4 giant cockroaches
  2 goblins
  6 hobgoblins
  4 jackals
  5 quokkas
  4 ball pythons
  8 giant newts
  5 kobolds
  7 rats
126 creatures vanquished.

Notes
Turn   | Place    | Note
-------+----------+-------------------------------------------
     0 | D:1      | mrath the Demigod Fire Elementalist began the quest for the Orb.
     0 | D:1      | Reached XP level 1. HP: 14/14 MP: 5/5
    67 | D:1      | Reached skill level 1 in Conjurations
   242 | D:1      | Reached XP level 2. HP: 20/20 MP: 5/7
   629 | D:1      | Learned a level 2 spell: Throw Flame
  1169 | D:2      | Reached XP level 3. HP: 26/26 MP: 1/9
  1865 | D:2      | Found a burning altar of Makhleb.
  1866 | D:2      | Found a radiant altar of Vehumet.
  1907 | D:3      | Found a faded altar of an unknown god.
  2549 | D:3      | Reached XP level 4. HP: 25/33 MP: 0/11
  2964 | D:3      | Found an opulent altar of Gozag.
  2995 | D:3      | Noticed Blork the orc
  3072 | D:3      | Found an ancient bone altar of Kikubaaqudgha.
  3141 | D:3      | Found a stormy altar of Qazlal.
  3200 | D:3      | Killed Blork the orc
  3200 | D:3      | Reached XP level 5. HP: 28/38 MP: 0/13
  3202 | D:3      | Found a deep blue altar of Sif Muna.
  3658 | D:4      | Noticed Sigmund
  3677 | D:4      | Killed Sigmund
  3677 | D:4      | Reached skill level 1 in Fighting
  3677 | D:4      | Reached XP level 6. HP: 29/47 MP: 0/15
  4345 | D:4      | Found a sparkling altar of Nemelex Xobeh.
  4507 | D:4      | Found a glowing silver altar of Zin.
  4513 | D:4      | Learned a level 3 spell: Conjure Flame
  4518 | D:4      | Learned a level 4 spell: Sticky Flame
  4651 | D:4      | Found a shadowy altar of Dithmenos.
  4762 | D:4      | Found a hide-covered altar of Uskayaw.
  4763 | D:4      | Noticed an enchanted hand axe
  4764 | D:4      | Noticed a dagger
  4993 | D:5      | Entered Level 5 of the Dungeon
  4999 | D:5      | Reached XP level 7. HP: 53/53 MP: 6/17
  5275 | D:5      | Reached skill level 1 in Evocations
  6393 | D:4      | Reached skill level 5 in Spellcasting
  6934 | D:6      | Reached XP level 8. HP: 62/62 MP: 9/19
  7055 | D:6      | Found Woarod's Weapon Boutique.
  7402 | D:6      | Got a bloodstained cloak
  7413 | D:6      | Identified the +0 cloak "Kaem" {-Tele rN++ MP+9 Int+4} (You found it on level 6 of the Dungeon)
  7702 | D:6      | Found a staircase to the Ecumenical Temple.
  7758 | D:6      | Reached skill level 5 in Fire Magic
  8120 | D:6      | Slain by an orc warrior

Vault maps used:
D:1:      dpeg_arrival_central
D:2:      gammafunk_temple_overflow_pools
D:3:      mumra_celtic_spiral_tile,
          nicolae_gozag_cash_rules_everything_around_me, lemuel_round_altar,
          kiku_gazebo_garden_becter, first_bread, ecumenical_altar_1, tgw_sif
D:4:      nemelex_altar_shiori, lemuel_doored_altar, kennysheep_mini,
          dancing_weapons_uskayaw, interstate_on_off, minmay_lizard_king,
          uniq_sigmund
D:5:      kennysheep_big_flooded_room, minmay_misc_feat_room
D:6:      serial_shops, shop

Skill      XL: |  1  2  3  4  5  6  7  8 |
---------------+-------------------------+-----
Conjurations   | 1 2 3 4 |  4.3
Spellcasting   | 2 3 4 5 |  5.8
Fire Magic     | 3 4 5 |  5.0
Fighting       | 1 2 3 |  3.1
Dodging        | 2 3 |  3.6
Evocations     | 1 2 |  2.6
Stealth        | |  1.7

Action                   |  1- 3 |  4- 6 |  7- 9 || total
-------------------------+-------+-------+-------++-------
Melee: Club              |    11 |       |       ||    11
       Short sword       |       |    18 |    49 ||    67
Throw: Stone             |       |     2 |     3 ||     5
 Cast: Flame Tongue      |    44 |    30 |    81 ||   155
       Throw Flame       |    34 |    65 |    69 ||   168
       Sticky Flame      |       |       |     5 ||     5
       Conjure Flame     |       |       |     2 ||     2
  Use: Scroll            |       |       |     4 ||     4
  Eat: Chunk             |     6 |     9 |     7 ||    22
       Beef jerky        |       |       |     1 ||     1
       Pizza             |       |       |     1 ||     1
Armor: Robe              |     8 |    13 |    30 ||    51
Dodge: Dodged            |    22 |    23 |    46 ||    91
